 Dungeon Crawl Stone Soup version 0.20-a0-622-g01f5896 (webtiles) character file.

97 Deathtrap2010 the Shield-Bearer (level 5, -2/42 HPs)
             Began as a Formicid Fighter on Feb 9, 2017.
             Slain by PapaToasty's ghost (10 damage)
             ... on level 3 of the Dungeon.
             The game lasted 00:08:16 (1524 turns).

Deathtrap2010 the Shield-Bearer (Formicid Fighter)  Turns: 1524, Time: 00:08:17

Health: -2/42      AC: 10    Str: 21    XL:     5   Next: 0%
Magic:  5/5        EV:  6    Int:  8    God:
Gold:   58         SH: 14    Dex: 10    Spells: 4/4 levels left

rFire    . . .     SeeInvis +   a - +0 war axe
rCold    . . .     Gourm    +   b - +0 scale mail
rNeg     . . .     Faith    .   h - +0 large shield
rPois    .         Spirit   .   (helmet unavailable)
rElec    .         Reflect  .   (no cloak)
rCorr    .         Harm     .   f - +0 pair of gloves
MR       .....                  (no boots)
Stlth    ..........             c - amulet of the gourmand
Regen    0.2/turn               (no ring)
                                (no ring)

@: no status effects
A: permanent stasis, dig shafts and tunnels, four strong arms, antennae 3, icy
blue scales 1, deterioration 1
a: Dig, Shaft Self


You were on level 3 of the Dungeon.
You were not hungry.

You visited 1 branch of the dungeon, and saw 3 of its levels.

You collected 58 gold pieces.

Inventory:

Hand Weapons
 a - a +0 war axe (weapon)
Armour
 b - a +0 scale mail (worn)
 f - a +0 pair of gloves (worn)
 h - a +0 large shield (worn)
Jewellery
 c - an amulet of the gourmand (around neck)
Scrolls
 e - 4 scrolls of identify
Potions
 d - a potion of might


   Skills:
 * Level 3.7 Fighting
 * Level 3.0 Axes
 * Level 3.9 Armour
 + Level 0.5 Dodging
 * Level 4.6 Shields


You had 4 spell levels left.
You didn't know any spells.

Dungeon Overview and Level Annotations

Branches:
Dungeon (3/15)

Altars:

Annotations:
D:3 PapaToasty's ghost, amateur DsGl


Innate Abilities, Weirdness & Mutations

You cannot be hasted, slowed, berserked, paralysed or teleported.
You can dig through walls and to a lower floor.
Your four strong arms can wield two-handed weapons with a shield.
You have a pair of large antennae on your head. (SInv)
You are partially covered in icy blue scales. (AC +2)
Your body sometimes deteriorates upon taking damage.


Message History

PapaToasty's ghost is lightly damaged.
You block PapaToasty's ghost's attack.
You hit PapaToasty's ghost.
PapaToasty's ghost is lightly damaged.
PapaToasty's ghost hits you.
* * * LOW HITPOINT WARNING * * *
PapaToasty's ghost barely misses you.
You hit PapaToasty's ghost.
PapaToasty's ghost is lightly damaged.
PapaToasty's ghost barely misses you.
Your shield prevents you from hitting PapaToasty's ghost.
PapaToasty's ghost is lightly damaged.
You block PapaToasty's ghost's attack. x2
You hit PapaToasty's ghost but do no damage.
PapaToasty's ghost is lightly damaged.
PapaToasty's ghost hits you but does no damage.
Your shield and scale mail prevent you from hitting PapaToasty's ghost.
PapaToasty's ghost is lightly damaged.
PapaToasty's ghost hits you!
You die...

........†)......##
..#.............# .#
#..............# .#
##..............####.##
#.....................#
. ....#...............#
...##.#...............#
.....)................#
......W@..............#
##..#....#............#
#.....#...............#
........................
.....#..................
..#.....................
..#.....................
................#.....


You could see PapaToasty's ghost.

Vanquished Creatures
  3 adders
  A worm (D:2)
  2 dart slugs
  5 orcs (D:3)
  6 bats
  3 giant cockroaches
  11 goblins
  8 hobgoblins
  3 jackals (D:1)
  2 kobolds
  2 frilled lizards (D:2)
  6 rats
52 creatures vanquished.

Notes
Turn   | Place    | Note
-------+----------+-------------------------------------------
     0 | D:1      | Deathtrap2010 the Formicid Fighter began the quest for the Orb.
     0 | D:1      | Reached XP level 1. HP: 18/18 MP: 1/1
    97 | D:1      | Reached XP level 2. HP: 16/24 MP: 2/2
   218 | D:1      | Gained mutation: Your body sometimes deteriorates upon taking damage. [potion of mutation]
   218 | D:1      | Gained mutation: You are resistant to electric shocks. (rElec) [potion of mutation]
   394 | D:1      | Reached skill level 4 in Shields
   395 | D:1      | Reached XP level 3. HP: 30/30 MP: 3/3
   811 | D:2      | Lost mutation: Your body sometimes deteriorates upon taking damage. [potion of mutation]
   811 | D:2      | Lost mutation: You are resistant to electric shocks. (rElec) [potion of mutation]
   811 | D:2      | Gained mutation: Your body sometimes deteriorates upon taking damage. [potion of mutation]
   811 | D:2      | Gained mutation: You are partially covered in icy blue scales. (AC +2) [potion of mutation]
  1235 | D:2      | Reached XP level 4. HP: 31/37 MP: 4/4
  1487 | D:3      | Reached XP level 5. HP: 18/42 MP: 5/5
  1512 | D:3      | Noticed PapaToasty's ghost (amateur DsGl)
  1524 | D:3      | Slain by PapaToasty's ghost

Vault maps used:
D:1:      elethiomel_arrival_shortcut, serial_bayou_pond_a
D:2:      minmay_tetromino_o4
D:3:      nicolae_ru_great_annihilating_truth, uniq_jessica

Skill      XL: |  1  2  3  4 |
---------------+-------------+-----
Shields        | 4 |  4.6
Axes           | 3 |  3.0
Fighting       | |  3.7
Armour         | |  3.9
Dodging        | |  0.5

Action                   |  1- 3 |  4- 6 || total
-------------------------+-------+-------++-------
Melee: War axe           |   100 |    38 ||   138
 Abil: Dig               |     5 |       ||     5
  Use: Scroll            |     3 |     2 ||     5
       Potion            |     4 |     1 ||     5
  Eat: Bread ration      |     1 |       ||     1
Armor: Scale mail        |    54 |    37 ||    91
Dodge: Dodged            |    40 |    15 ||    55
Block: Shield            |    59 |       ||    59
       Large shield      |    32 |    39 ||    71
